 Dungeon Crawl Stone Soup version 0.24.0-13-gcf9b319 (webtiles) character file.

Game seed: 1225400097706571736, levelgen mode: deterministic

105 Fortress the Conjurer (level 4, 0/33 HPs)
             Began as a Draconian Conjurer on Jan 11, 2020.
             Killed from afar by an orc wizard (14 damage)
             ... with a puff of flame
             ... on level 3 of the Dungeon.
             The game lasted 00:10:02 (2373 turns).

Fortress the Conjurer (Draconian Conjurer)          Turns: 2373, Time: 00:10:02

Health: 0/33       AC:  5    Str: 10    XL:     4   Next: 53%
Magic:  2/8        EV: 12    Int: 16    God:
Gold:   115        SH:  0    Dex: 12    Spells: 7/8 levels left

rFire    . . .     SeeInvis .   n - +2 hand axe (venom)
rCold    . . .     Gourm    .   (no shield)
rNeg     . . .     Faith    .   (armour unavailable)
rPois    .         Spirit   .   (helmet restricted)
rElec    .         Reflect  .   (no cloak)
rCorr    .         Harm     .   (no gloves)
MR       .....                  (no boots)
Stlth    +.........             (no amulet)
HPRegen  0.11/turn              (no ring)
MPRegen  0.11/turn              (no ring)

@: confused
A: unfitting armour, cold-blooded, AC +5
a: no special abilities


You were on level 3 of the Dungeon.
You were hungry.

You visited 1 branch of the dungeon, and saw 3 of its levels.

You collected 115 gold pieces.

Inventory:

Hand Weapons
 a - a +0 short sword
 n - a +2 hand axe of venom (weapon)
Missiles
 e - 26 sling bullets
 k - 2 poisoned darts (quivered)
Jewellery
 c - an uncursed ring of protection from cold {unknown}
Scrolls
 d - a scroll of blinking {unknown}
 f - 2 scrolls of remove curse {unknown}
 g - 4 scrolls of identify {unknown}
 m - a scroll of amnesia {unknown}
Potions
 h - 2 potions of heal wounds {unknown}
 i - 2 potions of curing {unknown}
 j - a potion of agility {unknown}
 l - a potion of cancellation {unknown}
Comestibles
 b - 6 rations


   Skills:
 - Level 2.0 Dodging
 - Level 2.0 Stealth
 + Level 2.9 Spellcasting
 + Level 5.2 Conjurations


You had 7 spell levels left.
You knew the following spells:

 Your Spells              Type           Power        Failure   Level  Hunger
a - Magic Dart            Conj           ###.         2%          1    #......

Your spell library contained the following spells:

 Spells                   Type           Power        Failure   Level  Hunger
 Searing Ray              Conj           ###...       3%          2    ##.....
 Dazzling Spray           Conj/Hex       ##....       19%         3    ###....
 Iskenderun's Mystic Bla  Conj           ###.....     22%         4    #####..
 Force Lance              Conj/Tloc      ##......     54%         4    #####..
 Fulminant Prism          Conj/Hex       ##........   54%         4    #####..


Dungeon Overview and Level Annotations

Branches:
Dungeon (3/15)

Altars:


Innate Abilities, Weirdness & Mutations

Your plain brown scales are hard. (AC +5)
You cannot fit into any form of body armour.
You are cold-blooded and may be slowed by cold attacks.


Message History

The orc wizard gestures at you while chanting.
The puff of flame misses you.
You're too confused to cast spells.
You're too confused to cast spells.
The orc wizard points at you and mumbles some strange words.
You are more confused.
The orc wizard looks more healthy.
The orc wizard hits you but does no damage.
You barely miss the orc wizard.
The orc wizard is almost dead.
The orc wizard closely misses you.
The orc wizard gestures at you while chanting.
The puff of flame hits you.
You barely miss the orc wizard.
The orc wizard is almost dead.
The orc wizard closely misses you.
You bump into the rock wall.
The orc wizard gestures at you while chanting.
The puff of flame hits you!
You die...

#.# #.# ## #.# #### .##
#.# #.. ..## #.# #.#
...## ##.######.#
....####.........#####...
....'...........)....)...
....####...#####@###%#...
...## #..## #o# [.##
#.... #.# .##
#................ ##
#####.#####.#.### .# .# #
#


You could see an orc wizard.

Vanquished Creatures
  3 adders
  An ooze (D:1)
  An adder zombie (D:3)
  A worm (D:2)
  2 leopard geckos
  4 orcs (D:3)
  4 giant cockroaches
  4 goblins
  10 hobgoblins
  2 jackals (D:2)
  2 quokkas
  5 bats
  6 frilled lizards
  7 kobolds
  A leopard gecko skeleton (D:2)
  5 rats
58 creatures vanquished.

Notes
Turn   | Place    | Note
-------+----------+-------------------------------------------
     0 | D:1      | Fortress the Draconian Conjurer began the quest for the
                  | Orb.
     0 | D:1      | Reached XP level 1. HP: 14/14 MP: 3/3
   310 | D:1      | Reached XP level 2. HP: 20/20 MP: 0/5
   991 | D:1      | Reached XP level 3. HP: 26/26 MP: 6/6
  1767 | D:2      | Reached skill level 5 in Conjurations
  1767 | D:2      | Reached XP level 4. HP: 33/33 MP: 0/7
  2373 | D:3      | Killed from afar by an orc wizard

Levels and vault maps discovered:
D:1:      matt_arrival_diagonals, layout_basic, minmay_split_cup_large
D:2:      layout_loops_cross, first_ration
D:3:      layout_loops_corners, minivault_14

Skill      XL: |  1  2  3 |
---------------+----------+-----
Dodging        | 2 |  2.0
Stealth        | 2 |  2.0
Conjurations   | 5 |  5.2
Spellcasting   | |  2.9

Action                   |  1- 3 |  4- 6 || total
-------------------------+-------+-------++-------
Melee: Short sword       |    48 |    20 ||    68
       Tailslap          |     5 |     1 ||     6
       Hand axe          |       |     6 ||     6
 Cast: Magic Dart        |    78 |    29 ||   107
 Stab: Sleeping          |       |     1 ||     1
  Eat: Chunk             |     3 |     2 ||     5
Armor: Skin              |    14 |    12 ||    26
Dodge: Dodged            |    36 |    38 ||    74
